[ AOE2 MATCH · #505486613 ]
UnrankedBohemians vs Georgians
Player's team · WIN
[ REPLAY ANALYSIS · EXTRACTED FROM THE RECORDED GAME ]
Feudal
11:30
Castle
—
Imperial
—
| APM avg | 79.7 |
| APM peak | 98 |
| eAPM avg | 35.4 |
| Villagers / military | 40 / 14 |
Focus
⚔️ 54.0% · 🌾 46.0%
Archer ×9 · Spearman ×3 · Militia ×2
Feudal
7:36
Castle
—
Imperial
—
| APM avg | 55.3 |
| APM peak | 95 |
| eAPM avg | 25.5 |
| Villagers / military | 45 / 13 |
Focus
⚔️ 30.3% · 🌾 69.7%
Spearman ×6 · Skirmisher ×6 · Militia ×1
Match map
Initial resources + every placement click. Lines = walls · curves = elevation contours. ◆ gold · ⬟ stone · ● berries · ✦ relic · ◌ wall gap
Your base· ✓ Closed at 12:00 · 62t walls · no gate
OS+ | Emil :D's base· Open — opponent sealed themselves in
Smoothed initial terrain · ◌ = detected wall gap · hover for details
Inputs per minute
— TAG_Sitaux - - OS+ | Emil :D
Build order — TAG_Sitaux
108 actions detected in the replay
| 0:00 | Create | Villager (Male) |
| 0:00 | Create | Villager (Male) |
| 0:01 | Build | House |
| 0:02 | Build | House |
| 0:18 | Create | Villager (Male) |
| 0:18 | Create | Villager (Male) |
| 1:24 | Create | Villager (Male) |
| 1:24 | Create | Villager (Male) |
| 1:51 | Create | Villager (Male) |
| 1:51 | Create | Villager (Male) |
| 2:19 | Create | Villager (Male) |
| 2:19 | Create | Villager (Male) |
| 2:42 | Create | Villager (Male) |
| 2:48 | Build | Barracks |
| 3:13 | Create | Villager (Male) |
| 3:29 | Build | House |
| 3:38 | Create | Villager (Male) |
| 3:42 | Create | Militia |
| 3:59 | Create | Militia |
| 4:04 | Create | Villager (Male) |
| 4:25 | Create | Villager (Male) |
| 4:54 | Create | Villager (Male) |
| 5:12 | Build | House |
| 5:23 | Create | Villager (Male) |
| 5:40 | Create | Villager (Male) |
| 5:43 | Build | Lumber Camp |
| 6:06 | Research | Loom |
| 6:10 | Create | Villager (Male) |
| 6:26 | Build | Palisade Wall |
| 6:58 | Create | Villager (Male) |
| 7:14 | Build | Palisade Wall |
| 7:23 | Create | Villager (Male) |
| 7:34 | Build | Mill |
| 7:49 | Create | Villager (Male) |
| 7:52 | Build | Palisade Wall |
| 8:07 | Build | House |
| 8:15 | Create | Villager (Male) |
| 8:46 | Create | Villager (Male) |
| 9:01 | Build | Palisade Wall |
| 9:03 | Build | Palisade Wall |
| 9:11 | Build | Farm |
| 9:20 | Research | Feudal Age |
| 9:36 | Build | Palisade Wall |
| 9:37 | Build | Palisade Wall |
| 9:41 | Build | Palisade Wall |
| 10:00 | Build | Palisade Wall |
| 10:32 | Build | Farm |
| 10:33 | Build | Mining Camp |
| 11:08 | Build | Palisade Wall |
| 11:30 | Age | Feudal Age |
| 11:32 | Create | Villager (Male) |
| 11:34 | Build | Archery Range |
| 11:39 | Build | Palisade Wall |
| 11:40 | Create | Villager (Male) |
| 11:42 | Build | Palisade Wall |
| 11:45 | Create | Spearman |
| 11:46 | Create | Spearman |
| 11:46 | Create | Spearman |
| 12:01 | Build | House |
| 12:25 | Create | Villager (Male) |
| 12:28 | Create | Archer |
| 12:47 | Build | Farm |
| 12:48 | Create | Villager (Male) |
| 12:50 | Create | Archer |
| 13:02 | Build | Farm |
| 13:19 | Create | Villager (Male) |
| 13:26 | Build | Farm |
| 13:39 | Create | Archer |
| 13:44 | Create | Villager (Male) |
| 13:47 | Build | Palisade Wall |
| 13:54 | Create | Archer |
| 14:09 | Create | Villager (Male) |
| 14:11 | Build | Farm |
| 14:19 | Build | Palisade Wall |
| 14:38 | Create | Villager (Male) |
| 14:47 | Build | Farm |
| 14:49 | Build | Blacksmith |
| 14:53 | Create | Villager (Male) |
| 14:55 | Create | Archer |
| 14:58 | Build | House |
| 15:09 | Build | House |
| 15:19 | Build | Farm |
| 15:21 | Create | Archer |
| 15:25 | Build | Palisade Wall |
| 15:31 | Create | Villager (Male) |
| 15:36 | Build | Farm |
| 15:38 | Build | Palisade Wall |
| 15:45 | Research | Fletching |
| 15:45 | Research | Fletching |
| 15:46 | Create | Archer |
| 15:56 | Build | Farm |
| 16:06 | Create | Villager (Male) |
| 16:12 | Build | Palisade Gate |
| 16:31 | Create | Archer |
| 16:32 | Create | Villager (Male) |
| 16:38 | Build | Mining Camp |
| 16:44 | Build | Farm |
| 16:47 | Build | Farm |
| 16:49 | Create | Archer |
| 16:55 | Create | Villager (Male) |
| 16:56 | Build | Farm |
| 17:25 | Create | Villager (Male) |
| 17:29 | Research | Double-Bit Axe |
| 17:32 | Build | Farm |
| 17:32 | Create | Villager (Male) |
| 17:34 | Build | House |
| 17:34 | Build | House |
| 18:10 | Create | Villager (Male) |
Build order — OS+ | Emil :D
98 actions detected in the replay
| 0:00 | Create | Villager (Male) |
| 0:01 | Create | Villager (Male) |
| 0:01 | Build | House |
| 0:03 | Build | House |
| 0:21 | Create | Villager (Male) |
| 0:31 | Create | Villager (Male) |
| 0:31 | Create | Villager (Male) |
| 1:19 | Build | Mill |
| 1:37 | Create | Villager (Male) |
| 2:04 | Create | Villager (Male) |
| 2:04 | Create | Villager (Male) |
| 2:27 | Create | Villager (Male) |
| 2:47 | Create | Villager (Male) |
| 3:14 | Create | Villager (Male) |
| 3:19 | Create | Villager (Male) |
| 3:40 | Create | Villager (Male) |
| 3:40 | Create | Villager (Male) |
| 3:40 | Create | Villager (Male) |
| 3:45 | Build | House |
| 3:53 | Build | House |
| 3:58 | Create | Villager (Male) |
| 4:51 | Research | Loom |
| 5:25 | Research | Feudal Age |
| 6:04 | Create | Villager (Male) |
| 6:56 | Create | Villager (Male) |
| 7:13 | Build | Palisade Wall |
| 7:15 | Build | Palisade Wall |
| 7:36 | Age | Feudal Age |
| 7:42 | Create | Villager (Male) |
| 8:06 | Create | Villager (Male) |
| 8:41 | Build | Barracks |
| 8:43 | Create | Villager (Male) |
| 8:58 | Build | House |
| 9:12 | Create | Militia |
| 9:19 | Create | Villager (Male) |
| 9:30 | Create | Spearman |
| 9:31 | Create | Villager (Male) |
| 9:42 | Build | House |
| 10:03 | Create | Villager (Male) |
| 10:19 | Create | Villager (Male) |
| 10:28 | Create | Spearman |
| 10:28 | Create | Spearman |
| 10:30 | Create | Villager (Male) |
| 10:33 | Create | Villager (Male) |
| 10:56 | Create | Villager (Male) |
| 11:20 | Build | House |
| 11:25 | Research | Wheelbarrow |
| 11:29 | Create | Spearman |
| 11:35 | Create | Villager (Male) |
| 11:49 | Create | Spearman |
| 11:50 | Create | Villager (Male) |
| 11:53 | Build | Farm |
| 11:53 | Build | Farm |
| 11:54 | Build | Farm |
| 11:54 | Build | Farm |
| 12:23 | Create | Villager (Male) |
| 12:59 | Build | Farm |
| 12:59 | Build | Farm |
| 13:00 | Build | Farm |
| 13:04 | Create | Spearman |
| 13:28 | Build | Farm |
| 13:29 | Build | Farm |
| 13:47 | Create | Villager (Male) |
| 13:59 | Build | Palisade Wall |
| 14:00 | Build | Palisade Wall |
| 14:02 | Build | Palisade Wall |
| 14:03 | Build | Palisade Wall |
| 14:05 | Build | Palisade Wall |
| 14:18 | Create | Villager (Male) |
| 14:22 | Build | Farm |
| 14:23 | Build | Farm |
| 14:23 | Build | Farm |
| 14:24 | Build | Farm |
| 14:24 | Build | Farm |
| 14:27 | Create | Villager (Male) |
| 14:27 | Create | Villager (Male) |
| 14:46 | Create | Villager (Male) |
| 15:01 | Create | Villager (Male) |
| 15:10 | Build | Archery Range |
| 15:20 | Create | Villager (Male) |
| 15:39 | Research | Double-Bit Axe |
| 15:42 | Create | Skirmisher |
| 15:57 | Create | Villager (Male) |
| 16:01 | Create | Skirmisher |
| 16:01 | Create | Skirmisher |
| 16:30 | Create | Skirmisher |
| 16:32 | Create | Villager (Male) |
| 16:36 | Build | House |
| 16:43 | Create | Villager (Male) |
| 16:56 | Create | Skirmisher |
| 16:57 | Create | Villager (Male) |
| 17:03 | Build | House |
| 17:29 | Create | Skirmisher |
| 17:30 | Create | Villager (Male) |
| 17:31 | Build | House |
| 17:36 | Create | Villager (Male) |
| 17:38 | Build | Stable |
| 17:42 | Create | Villager (Male) |
Match timeline
| 2:48 | TAG_Sitaux · first_building Barracks |
| 6:26 | TAG_Sitaux · wall_segment Palisade Wall x7 |
| 7:13 | OS+ | Emil :D · wall_segment Palisade Wall x1 |
| 7:14 | TAG_Sitaux · wall_segment Palisade Wall x16 |
| 7:15 | OS+ | Emil :D · wall_segment Palisade Wall x1 |
| 7:36 | OS+ | Emil :D · age_up feudal |
| 7:52 | TAG_Sitaux · wall_segment Palisade Wall x13 |
| 8:41 | OS+ | Emil :D · first_building Barracks |
| 9:01 | TAG_Sitaux · wall_segment Palisade Wall x4 |
| 9:03 | TAG_Sitaux · wall_segment Palisade Wall x5 |
| 9:36 | TAG_Sitaux · wall_segment Palisade Wall x3 |
| 9:37 | TAG_Sitaux · wall_segment Palisade Wall x4 |
| 9:41 | TAG_Sitaux · wall_segment Palisade Wall x1 |
| 10:00 | TAG_Sitaux · wall_segment Palisade Wall x5 |
| 11:08 | TAG_Sitaux · wall_segment Palisade Wall x4 |
| 11:30 | TAG_Sitaux · age_up feudal |
| 11:34 | TAG_Sitaux · first_building Archery Range |
| 11:39 | TAG_Sitaux · wall_segment Palisade Wall x1 |
| 11:42 | TAG_Sitaux · wall_segment Palisade Wall x1 |
| 13:47 | TAG_Sitaux · wall_segment Palisade Wall x1 |
| 13:59 | OS+ | Emil :D · wall_segment Palisade Wall x1 |
| 14:00 | OS+ | Emil :D · wall_segment Palisade Wall x1 |
| 14:02 | OS+ | Emil :D · wall_segment Palisade Wall x1 |
| 14:03 | OS+ | Emil :D · wall_segment Palisade Wall x1 |
| 14:05 | OS+ | Emil :D · wall_segment Palisade Wall x1 |
| 14:19 | TAG_Sitaux · wall_segment Palisade Wall x1 |
| 15:10 | OS+ | Emil :D · first_building Archery Range |
| 15:25 | TAG_Sitaux · wall_segment Palisade Wall x2 |
| 15:38 | TAG_Sitaux · wall_segment Palisade Wall x1 |
| 17:38 | OS+ | Emil :D · first_building Stable |
| 18:12 | OS+ | Emil :D · resign |
[ AI ANALYSIS · 1 CREDIT ]
What really happened in this match?
Wolo.gg analyzes every decision: build order, eco, micro, common mistakes by bracket. Personalized analysis on WhatsApp or Discord in 30 seconds.
Civ guide
Bohemians
Perfil
Sitaux (TAG_Sitaux)